← All builds
Front / Armada / Economy first / OBSERVED BUILD

Standard front

Standard economy-first Front play: Bot Lab and Vehicle Plant almost immediately, Advanced Metal Extractor around 9 minutes, with a mixed T1 army of Blitz, Rocketeer, Pawn and Janus sent to hold the wider gap and then middle.

#eco · 956 distinct matches · 128 players · 75% of Armada Front games · team won 63% of 1089 · Recently observed

HOW TO PLAY IT

Key timing: Vehicle Plant by 0:47

  1. Open 3 mex then Bot Lab and Vehicle Plant almost together.
  2. Layer wind while both labs start producing.
  3. Send early units to coast first to stop leaks, not middle.
  4. Add Construction Turrets as "Blitz", "Rocketeer", "Janus" mix builds up.
  5. Transition into Advanced Metal Extractor once T2 con is out.

Phase by phase

TYPICAL OF ITS 956 GAMES
  1. 1
  2. 2
  3. 3
PLAY THE OPENING

Follow the example game's first 6:00 step by step: what to build now, what comes next, and where it goes. At 1× it keeps pace with your own game.

  1. 1

    Up to the Bot Lab

    Economy
    • Metal Extractor2Mex
    • Wind Turbine1Wind
    Order
    1. Bot LabBot Lab after 3 mex, 1 winddone ~0:45, middle half 0:35–8:32

    Some games also: Vehicle Plant (42%)

    By 0:28 in all: 2 mex · 1 wind

    The example game in this phase · 2 steps
    1. Mex ×3
    2. Bot LabBot Labdone 0:44 · typical 0:45
  2. 2

    Bot Lab to 5:00

    Economy
    • Metal Extractor4Mex
    • Wind Turbine3Wind
    Army
    • Sentry1 Sentry

    Some games also: rocketeer (45%) · con bot (44%) · Lazarus (44%) · tick (40%) · centurion (36%)

    By 5:00 in all: 6 mex · 7 wind

    The example game in this phase · 31 steps
    1. Construction BotCon bot ×2
    2. Wind
    3. TickTick ×3
    4. Construction BotCon bot
    5. Mex
    6. RocketeerRocketeer ×2
    7. Mex
    8. RocketeerRocketeer ×2
    9. PawnPawn ×2
    10. SentrySentry
    11. Construction BotCon bot
    12. SentrySentry
    13. Solar
    14. Mex
    15. RocketeerRocketeer
    16. SentrySentry
    17. RocketeerRocketeer ×8
    18. SentrySentry
    19. RocketeerRocketeer
    20. PawnPawn
    21. SentrySentry
    22. PawnPawn
    23. Construction BotCon bot ×2
    24. SentrySentry
    25. Wind
    26. PawnPawn
    27. SentrySentry
    28. Wind ×2
    29. PawnPawn
    30. Con turret
    31. PawnPawn
  3. 3

    5:00 to 10:00

    Economy
    • Metal Extractor1Mex
    • Wind Turbine14Wind
    Builders
    • Construction Turret2 Con turret
    Army
    • Sentry1 Sentry

    Some games also: energy storage (47%) · blitz (38%) · rocketeer (38%) · pawn (36%) · Lazarus (35%)

    By 10:00 in all: 7 mex · 25 wind · 1 energy storage · 3 con turret

    The example game in this phase · 15 steps
    1. Wind
    2. LazarusLazarus ×2
    3. PawnPawn ×9
    4. Mex
    5. PawnPawn ×6
    6. Mex
    7. PawnPawn ×7
    8. SentrySentry
    9. PawnPawn ×3
    10. SentrySentry
    11. Wind
    12. PawnPawn
    13. Wind ×2
    14. PawnPawn
    15. Wind

Counts are medians over the build's games: half of them build more, half fewer. The example game is [Grump]Grumpiness's (49 OS, 21/09/2026); pick another.

Team trades

IN AT LEAST 30% OF ITS GAMES

You hand over

Nothing regular.

You get

  • Tidal Generator4 Tidal from Pondfirst at 0:18 · in 68% of games
  • Advanced Construction Bot1 T2 con bot from Geo or Techfirst at 7:17 · in 67% of games

How it plays out

Typical game of this build, running totals by minute

Metal produced

010k20k30k
0:005:0010:0015:00

metal

Enemy metal destroyed

05k10k
0:005:0010:0015:00

metal

Own metal lost

05k10k
0:005:0010:0015:00

metal

1089 games.

Show as table
ByMetal produced: This buildEnemy metal destroyed: This buildOwn metal lost: This build
1:0033300
2:008452131
3:001623141105
4:002712543333
5:0038681199818
6:00507821201534
7:00632830062457
8:00766238713361
9:00908746384329
10:001066653235062
11:001262258385711
12:001483463856544
13:001745070287287
14:002018376558104
15:002266984148946
WHAT THE NUMBERS SAY

Standard Front play wins more often than suicide front and produces more metal by 15:00, reflecting its safer positioning.

  • + Metal produced reaches 22219 by 15:00, above suicide front's 19882
  • + Own losses of 8949 stay under enemy metal destroyed's near-equal 8347
  • − First unit lost by 1:44 shows exposure even from the safer side
  • − Wider gap to defend demands disciplined coast-then-mid unit movement
THE EXAMPLE YOU ARE READING

[Grump]Grumpiness

48.6 OS · 21/09/2026

Open source match ↗

9 received units
0 metal received · 7220 energy received

Allied construction assistance is unknown. Timings are observations, not a promise of solo reproducibility.

Typical milestones

Bot Lab0:45Middle 50%: 0:35–8:32 · n=686
Vehicle Plant0:47Middle 50%: 0:37–0:57 · n=774
Advanced Metal Extractor8:53Middle 50%: 8:01–10:03 · n=869

Played most by

Hummell96games of this buildhaaven87games of this buildLeohvm78games of this buildXad63games of this buildSyphos38games of this build